 Dungeon Crawl Stone Soup version 0.28-a0-313-gbc0475efdd (webtiles) character file.

Game seed: 12855366803455966619

1254 Whiskey the Skirmisher (level 8, -9/61 HPs)
             Began as a Djinni Fire Elementalist on Aug 29, 2021.
             Mangled by an orc warrior (15 damage)
             ... on level 5 of the Dungeon on Sept 1, 2021.
             The game lasted 00:15:08 (4228 turns).

Whiskey the Skirmisher (Djinni Fire Elementalist)   Turns: 4228, Time: 00:15:09

Health: -9/61      AC:  3    Str:  9    XL:     8   Next: 80%
Gold:   260        EV: 13    Int: 17    God:
                   SH:  0    Dex: 14

rFire   + + .      SeeInvis .   i - +2 hand axe (venom)
rCold   x . .      Faith    .   (no shield)
rNeg    . . .      Spirit   .   g - +0 leather armour
rPois   ∞          Reflect  .   (no helmet)
rElec   .          Harm     .   (no cloak)
rCorr   .          Rampage  .   (no gloves)
Will    .....                   (boots unavailable)
Stlth   ++........              e - amulet of regeneration {+regen, !d}
HPRegen 1.20/turn               (no ring)
MPRegen 0.00/turn               (no ring)

@: flying
A: sickness immunity, fire resistance 2, cold vulnerability 1, float, innate
caster, hp casting, extra vitality 1
a: no special abilities


You were on level 5 of the Dungeon.
You visited 1 branch of the dungeon, and saw 6 of its levels.

You collected 260 gold pieces.

Inventory:

Hand Weapons
 c - a +0 spear
   (You found it on level 1 of the Dungeon)
 i - a +2 hand axe of venom (weapon)
   (You took it off Terence on level 2 of the Dungeon)
 n - a +2 hand axe of freezing
   (You took it off Blork the orc on level 4 of the Dungeon)
 q - a +1 whip of holy wrath
   (You took it off a kobold on level 4 of the Dungeon)
 s - a +2 shortbow of freezing
   (You took it off a centaur on level 5 of the Dungeon)
Armour
 a - a +0 robe
 g - a +0 leather armour (worn)
   (You found it on level 1 of the Dungeon)
Jewellery
 e - an amulet of regeneration (around neck) {+regen, !d}
   (You found it on level 1 of the Dungeon)
Wands
 h - a wand of polymorph (10)
   (You took it off Natasha on level 2 of the Dungeon)
 t - a wand of acid (8)
   (You found it on level 5 of the Dungeon)
Scrolls
 b - 5 scrolls of fear {unknown}
 f - 5 scrolls of identify {unknown}
 m - 2 scrolls of vulnerability {unknown}
 o - a scroll of amnesia {unknown}
 p - 2 scrolls of enchant armour {unknown}
 r - a scroll of teleportation {unknown}
 w - a scroll of blinking {unknown}
 x - a scroll of immolation {unknown}
Potions
 d - a potion of flight {unknown}
 j - 3 potions of berserk rage {unknown}
 k - 2 potions of attraction {unknown}
 l - a potion of degeneration {unknown}
 u - a potion of brilliance {unknown}
 v - 4 potions of curing {unknown}


   Skills:
 * Level 6.1 Fighting
 + Level 5.2 Dodging
 - Level 1.5 Stealth
 * Level 5.4 Spellcasting


You couldn't memorise any spells.
You knew the following spells:

 Your Spells              Type           Power      Damage    Failure   Level
a - Foxfire               Conj/Fire      92%        2x1d8     1%          1
b - Inner Flame           Hex/Fire       23%        N/A       6%          3
c - Conjure Flame         Conj/Fire      23%        6-21      6%          3
d - Pain                  Necr           92%        1d8       1%          1
e - Slow                  Hex            23%        N/A       3%          2
f - Fireball              Conj/Fire      11%        3d7       50%         5
g - Spider Form           Tmut/Pois      11%        N/A       6%          3
s - Sticky Flame          Conj/Fire      23%        2d4       21%         4
Your spell library was empty.

Dungeon Overview and Level Annotations

Branches:
Dungeon (6/15)             Temple (0/1) D:5

Altars:
Ashenzari
Dithmenos
Gozag

Annotations:
D:6 Dowan, Duvessa


Innate Abilities, Weirdness & Mutations

You are immune to sickness and miasma.
You are immune to poison.
Your flesh is very heat resistant. (rF++)
You are vulnerable to cold. (rC-)
You float through the air rather than walking.
You learn spells naturally, not from books.
Your magical power is your life essence.
You have superior vitality. (+4 HP)


Message History

You take 17 damage, and have 44/61 hp.
MASSIVE DAMAGE!!
You barely miss the orc. The orc barely misses you.
Duvessa drinks a potion.
Duvessa flickers and vanishes!
Deactivating autopickup; reactivate with Ctrl-A.
You regained 2 hp, and now have 46/61 hp.
You barely miss the orc.
The orc priest hits you from afar with a +2 trident of protection!
The orc hits you with a +0 whip.
You take 8 damage, and have 38/61 hp.
You closely miss the orc.
The orc priest invokes the aid of Beogh against you.
Beogh smites you! The orc barely misses you.
The orc warrior hits you from afar with a +0 glaive.
The orc priest hits you from afar with a +2 trident of protection!
You take 19 damage, and have 19/61 hp.
MASSIVE DAMAGE!!
You are too injured to fight recklessly!
You are too injured to fight recklessly!
You are too injured to fight recklessly!
You are too injured to fight recklessly!
You are too injured to fight recklessly!
You are too injured to fight recklessly!
You are too injured to fight recklessly!
You are too injured to fight recklessly!
You are too injured to fight recklessly!
You are too injured to fight recklessly!
You are too injured to fight recklessly!
You are too injured to fight recklessly!
You are too injured to fight recklessly!
You are too injured to fight recklessly!
You are too injured to fight recklessly!
You are too injured to fight recklessly!
Okay, then.
The fire begins to smoulder!
* * * LOW HITPOINT WARNING * * *
The orc warrior closely misses you. The orc closely misses you.
The orc priest barely misses you.
You take 2 damage, and have 17/61 hp.
The fire ignites!
You see here a +0 flail.
The orc priest invokes the aid of Beogh against you.
Beogh smites you!
* * * LOW HITPOINT WARNING * * *
You take 12 damage, and have 6/61 hp.
The orc priest begins to cast a cantrip, but forgets the words!
You regained 2 hp, and now have 8/61 hp.
You regained 2 hp, and now have 14/61 hp.
You regained 2 hp, and now have 20/61 hp.
You regained 2 hp, and now have 26/61 hp.
You regained 2 hp, and now have 32/61 hp.
You regained 3 hp, and now have 39/61 hp.
There is a stone staircase leading up here.
You fly upwards.
Reactivating autopickup.
There is a stone staircase leading down here.
You regained 3 hp, and now have 45/61 hp.
You regained 8 hp, and now have 53/61 hp.
You regained 2 hp, and now have 59/61 hp.
There is a stone staircase leading down here.
You start resting.
Health restored: 61 You fly downwards.
Level annotation: Dowan, Duvessa
There is a stone staircase leading up here.
You conjure some foxfire!
The orc warrior hits you from afar with a +0 glaive!
You take 12 damage, and have 49/61 hp.
The foxfire hits the orc warrior.
The foxfire hits the orc warrior but does no damage.
The orc warrior hits you with a +0 glaive!
You take 11 damage, and have 38/61 hp.
You hit the orc warrior but do no damage.
The orc warrior is poisoned.
The orc warrior misses you.
You regained 2 hp, and now have 40/61 hp.
You hit the orc warrior but do no damage.
The orc warrior looks even sicker.
The orc warrior hits you with a +0 glaive!!
The orc priest begins to cast a cantrip, but forgets the words!
You take 19 damage, and have 21/61 hp.
MASSIVE DAMAGE!!
The orc warrior closely misses you.
There is a stone staircase leading up here.
You regained 2 hp, and now have 23/61 hp.
The orc wizard points at you and mumbles some strange words.
You easily resist.
The orc warrior misses you.
You fly upwards.
There is a stone staircase leading down here.
You regained 3 hp, and now have 26/61 hp.
The orc warrior misses you.
You conjure some foxfire!
The orc warrior hits you from afar with a +0 glaive!
You take 10 damage, and have 19/61 hp.
The foxfire hits the orc warrior but does no damage.
The foxfire hits the orc warrior.
You regained 2 hp, and now have 21/61 hp.
You conjure some foxfire!
The orc warrior hits you from afar with a +0 glaive!!
* * * LOW HITPOINT WARNING * * *
You take 20 damage, and have 4/61 hp.
MASSIVE DAMAGE!!
The orc warrior closely misses you.
The orc warrior hits you from afar with a +0 glaive!
You die...

##### ##########...#
#.........§#.##
#.##....#.#§§.###############
#####.##....##§#§#§#.............
.......'.....§§§@§o...>##########
#####.##.....#§#.#§#.............
#.##......#§§.####.########## ###
#.##......§#.#........)...... ..#
#.##......##§..###.##########
#.###.##......########.##########
......................(.....(....
#.###.######.###............#####
#.# #........# #.#.###......'....


You could see an orc warrior (poisoned).

Vanquished Creatures
  Sigmund (D:3)
  A sky beast (D:5)
  2 ogres
  2 necrophages
  2 centaurs (D:5)
  Blork the orc (D:4)
  2 centaur zombies
  2 orc priests (D:2)
  A jelly (D:4)
  A centaur skeleton (D:5)
  Terence (D:2)
  An iguana (D:6)
  2 orc wizards (D:2)
  Natasha (thrice) (D:2)
  3 adders
  An ufetubus (D:4)
  An adder skeleton (D:5)
  A worm (D:2)
  A dart slug (D:3)
  4 orcs
  9 ball pythons
  5 bats
  2 endoplasms
  7 hobgoblins
  2 jackals (D:5)
  5 quokkas
  5 frilled lizards
  6 goblins
  4 kobolds
  9 rats
87 creatures vanquished.

Vanquished Creatures (others)
  216 foxfires
  6 plants (D:2)
  11 withered plants (D:2)
233 creatures vanquished.

Grand Total: 320 creatures vanquished

Notes
Turn   | Place    | Note
-------+----------+-------------------------------------------
     0 | D:1      | Whiskey the Djinni Fire Elementalist began the quest for
                  | the Orb.
     0 | D:1      | Reached XP level 1. HP: 15/15 MP: 0/0
   560 | D:1      | Reached XP level 2. HP: 17/22 MP: 0/0
   669 | D:1      | Reached skill level 1 in Fighting
  1039 | D:2      | Reached XP level 3. HP: 27/27 MP: 0/0
  1039 | D:2      | Learned a level 1 spell: Pain
  1248 | D:2      | Noticed Natasha
  1274 | D:2      | Killed Natasha
  1275 | D:2      | Reached skill level 2 in Fighting
  1275 | D:2      | Reached skill level 3 in Spellcasting
  1275 | D:2      | Reached XP level 4. HP: 15/33 MP: 0/0
  1436 | D:2      | Noticed Natasha
  1456 | D:2      | Killed Natasha
  1457 | D:2      | Reached skill level 3 in Dodging
  1481 | D:2      | Noticed Natasha
  1484 | D:2      | Killed Natasha
  1485 | D:2      | Reached XP level 5. HP: 39/39 MP: 0/0
  1485 | D:2      | Learned a level 2 spell: Slow
  1487 | D:2      | Noticed Terence
  1500 | D:2      | Killed Terence
  1622 | D:2      | Reached skill level 3 in Fighting
  1640 | D:2      | Reached XP level 6. HP: 36/46 MP: 0/0
  1680 | D:2      | Found a faded altar of an unknown god.
  2072 | D:3      | Found a broken altar of Ashenzari.
  2460 | D:4      | Noticed Sigmund
  2463 | D:3      | Upgraded the game from 0.28-a0-305-g9e858e973b to
                  | 0.28-a0-313-gbc0475efdd
  2468 | D:4      | Noticed Blork the orc
  2485 | D:3      | Killed Sigmund
  2486 | D:3      | Reached skill level 4 in Fighting
  2486 | D:3      | Reached skill level 4 in Spellcasting
  2486 | D:3      | Reached XP level 7. HP: 45/52 MP: 0/0
  2486 | D:3      | Learned a level 3 spell: Spider Form
  2505 | D:4      | Killed Blork the orc
  2506 | D:4      | Reached skill level 4 in Dodging
  2806 | D:4      | HP: 8/53 [ogre (30)]
  2958 | D:4      | Found an opulent altar of Gozag.
  3019 | D:4      | Reached XP level 8. HP: 53/58 MP: 0/0
  3242 | D:5      | Entered Level 5 of the Dungeon
  3265 | D:5      | Reached skill level 5 in Fighting
  3308 | D:5      | HP: 14/59 [centaur (5)]
  3330 | D:5      | Found a shadowy altar of Dithmenos.
  3362 | D:5      | Reached skill level 5 in Spellcasting
  3677 | D:5      | Found a staircase to the Ecumenical Temple.
  3908 | D:5      | Reached skill level 5 in Dodging
  4060 | D:6      | Reached skill level 6 in Fighting
  4155 | D:6      | Noticed Dowan
  4155 | D:6      | Noticed Duvessa
  4162 | D:6      | HP: 6/61 [orc priest/divine providence (13)]
  4226 | D:5      | HP: 4/61 [orc warrior (22)]
  4228 | D:5      | Mangled by an orc warrior

Illustrated notes

Levels and vault maps discovered:
D:1:      dpeg_arrival_more_subterranean_lakeside_camping, layout_basic
D:2:      layout_basic, shapermc_ecumenical_altar_flowoftime, uniq_natasha,
          uniq_terence
D:3:      layout_basic, mainiacjoe_overflow_surrounded_room
D:4:      layout_loops_ring, grunt_gozag_statues, uniq_blork_the_orc,
          uniq_sigmund
D:5:      layout_basic, grunt_dithmenos_smoke_and_mirrors,
          minmay_temple_entry_from_below_a
D:6:      layout_rooms, uniq_edmund, uniq_duvessa, uniq_grinder, uniq_eustachio

Skill      XL: |  1  2  3  4  5  6  7  8 |
---------------+-------------------------+-----
Fighting       | 1 2 3 4 6 |  6.1
Spellcasting   | 3 4 5 |  5.4
Dodging        | 3 4 5 |  5.2
Stealth        | |  1.5

Action                   |  1- 3 |  4- 6 |  7- 9 || total
-------------------------+-------+-------+-------++-------
Melee: Spear             |    30 |    24 |       ||    54
       Hand axe          |       |    22 |   126 ||   148
 Cast: Foxfire           |    32 |    64 |    37 ||   133
       Conjure Flame     |       |       |     1 ||     1
 Stab: Sleeping          |     1 |     1 |     3 ||     5
Armor: Robe              |     1 |       |       ||     1
       Leather armour    |     1 |    14 |    47 ||    62
Dodge: Dodged            |    28 |    38 |   155 ||   221

Table legend: (Time is in decaauts)
 A = Elapsed time spent in this place.
 B = Non-inter-level travel time spent in this place.
 C = Inter-level travel time spent in this place.
 D = Time resting spent in this place.
 E = Time spent auto-exploring this place.
 F = Levels seen in this place.
 G = Mean time per level.
                   A        B        C        D        E       F      G
               +--------+--------+--------+--------+--------+-----+--------+
         Total |   4302 |   4124 |    178 |     55 |   3105 |   6 |  717.0 |
       Dungeon |   4302 |   4124 |    178 |     55 |   3105 |   6 |  717.0 |
               +--------+--------+--------+--------+--------+-----+--------+

Top non-repeatable levels by time:
     D:1: 1010 daAuts
     D:2: 952 daAuts
     D:5: 818 daAuts
     D:4: 766 daAuts
     D:3: 559 daAuts
     D:6: 194 daAuts

Table legend:
 A = Kills in this place as a percentage of kills in entire the game.
 B = Kills by you in this place as a percentage of kills by you in the entire game.
 C = Kills by friends in this place as a percentage of kills by friends in the entire game.
 D = Other kills in this place as a percentage of other kills in the entire game.
 E = Experience gained in this place as a percentage of experience gained in the entire game.
 F = Experience gained in this place divided by the number of levels of this place that you have seen.
                   A       B       C       D       E      F
               +-------+-------+-------+-------+-------+----------------------
         Total | 100.0 | 100.0 |   N/A |   N/A | 100.0 | 298.7
       Dungeon | 100.0 | 100.0 |   N/A |   N/A | 100.0 | 298.7
               +-------+-------+-------+-------+-------+----------------------
